 Dungeon Crawl Stone Soup version 0.27-a0-1579-g97d2440184 (webtiles) character file.

Game seed: 4817967568618355274

1200 Spaninq the Reanimator (level 8, 0/46 HPs)
             Began as a Mummy Necromancer on July 17, 2021.
             Was a Follower of Hepliaklqana.
             Slain by a wyvern (9 damage)
             ... on level 5 of the Dungeon.
             The game lasted 00:28:50 (7614 turns).

Spaninq the Reanimator (Mummy Necromancer)          Turns: 7614, Time: 00:28:51

Health: 0/46       AC:  5    Str: 12    XL:     8   Next: 21%
Magic:  5/18       EV: 16    Int: 16    God:    Hepliaklqana [*.....]
Gold:   183        SH:  0    Dex: 12    Spells: 11/21 levels left

rFire    x . .     SeeInvis .   e - +2 dagger (venom)
rCold    + . .     Faith    .   (no shield)
rNeg     + + +     Spirit   .   a - +0 robe
rPois    ∞         Reflect  .   s - +1 helmet
rElec    .         Harm     .   (no cloak)
rCorr    .         Rampage  .   n - +0 pair of gloves
Will     +....                  (no boots)
Stlth    ++........             (no amulet)
HPRegen  0.15/turn              m - +4 ring of evasion
MPRegen  0.16/turn              r - +4 ring of slaying

@: no status effects
A: reduced essence, cold resistance 1, negative energy resistance 3, torment
resistance 2, heat vulnerability 1, no potions
a: Renounce Religion, Recall Ancestor, Ancestor Identity


You were on level 5 of the Dungeon.
You worshipped Hepliaklqana.
Hepliaklqana was aware of your devotion.
You visited 2 branches of the dungeon, and saw 6 of its levels.

You collected 183 gold pieces.

Inventory:

Hand Weapons
 e - a +2 dagger of venom (weapon)
 q - a +0 rapier
Armour
 a - a +0 robe (worn)
 i - a +0 leather armour
 l - a +0 scale mail
 n - a +0 pair of gloves (worn)
 s - a +1 helmet (worn)
Jewellery
 c - a +6 ring of strength
 m - a +4 ring of evasion (left hand)
 r - a +4 ring of slaying (right hand)
Wands
 j - a wand of digging (3)
 o - a wand of flame (15)
 p - a wand of polymorph (6)
Scrolls
 b - 4 scrolls of identify {unknown}
 d - a scroll of enchant armour {unknown}
 g - a scroll of immolation {unknown}
 h - 2 scrolls of teleportation {unknown}
 k - a scroll of enchant weapon {unknown}


   Skills:
 - Level 1.5 Dodging
 - Level 1.5 Stealth
 + Level 7.2 Spellcasting
 * Level 9.1 Necromancy


You had 11 spell levels left.
You knew the following spells:

 Your Spells              Type           Power      Damage    Failure   Level
a - Pain                  Necr           100%       1d9       1%          1
b - Animate Skeleton      Necr           68%        N/A       1%          1
c - Vampiric Draining     Necr           17%        2d8       1%          3
d - Animate Dead          Necr           17%        N/A       2%          4
e - Summon Small Mammal   Summ           20%        N/A       12%         1

Your spell library contained the following spells:

 Spells                   Type           Power      Damage    Failure   Level
 Agony                    Necr           34%        N/A       8%          5
 Apportation              Tloc           10%        N/A       12%         1
 Corona                   Hex            5%         N/A       12%         1
 Summon Guardian Golem    Hex/Summ       5%         N/A       36%         3
 Orb of Destruction       Conj           2%         9d1       100%        7
 Spellforged Servitor     Conj/Summ      2%         N/A       100%        7


Dungeon Overview and Level Annotations

Branches:
Dungeon (5/15)             Temple (1/1) D:4

Altars:
Ashenzari
Cheibriados
Dithmenos
Elyvilon
Fedhas
Gozag
Hepliaklqana
Kikubaaqudgha
Makhleb
Nemelex Xobeh
Okawaru
Qazlal
Ru
Sif Muna
Trog
Uskayaw
Vehumet
Wu Jian
Xom
Yredelemnul
Zin
The Shining One

Annotations:
D:2 1 runed translucent door, Crazy Yiuf
D:4 exclusion: oklob sapling, Sigmund


Innate Abilities, Weirdness & Mutations

Your life essence is reduced to manifest your ancestor. (-10% HP)
You are immune to poison.
Your flesh is cold resistant. (rC+)
You are immune to negative energy. (rN+++)
You are immune to unholy pain and torment.
You are vulnerable to heat. (rF-)
You do not drink.


Message History

The black bear is lightly wounded.
The black bear barely misses you. The black bear completely misses you.
The black bear claws you. The black bear bites you.
The black bear claws you but does no damage.
The black bear barely misses you.
The hound bites Osiris.
Osiris hits the hound.
Casting: Vampiric Draining (safe; 1% risk of failure)
Confirm with . or Enter, or press ? or * to list all spells.
Aiming: Vampiric Draining (safe; 1% risk of failure)
Press: ? - help, Shift-Dir - straight line, f - black bear
Aim: a black bear (lightly wounded, very poisoned)
You draw life force from the black bear!
You feel life coursing into your body.
The hound barely misses Osiris.
The black bear closely misses you.
The black bear claws you but does no damage.
The black bear completely misses you. The black bear bites you.
The black bear barely misses you. The black bear misses you.
Osiris hits the hound!
The hound bites Osiris.
The black bear closely misses Osiris.
The black bear claws Osiris. x2
The hound barely misses Osiris.
Osiris closely misses the hound.
You hit the black bear.
The black bear looks even sicker.
The black bear is severely wounded.
The water moccasin bites Osiris!
Osiris is destroyed!
The black bear bites you but does no damage.
The black bear claws you but does no damage.
The black bear claws you. The hound barely misses you.
The black bear goes berserk!
The hound bites you. The hound misses you. The black bear bites you!
The black bear barely misses you. The black bear claws you.
The water moccasin bites you.
You hit the water moccasin.
The water moccasin is lightly wounded.
The hound barely misses you. The water moccasin barely misses you.
The hound barely misses you.
The black bear rages.
The water moccasin bites you.
* * * LOW HITPOINT WARNING * * *
The wyvern bites you!
You die...

...................##
##....[.#
..................##
#.......
.................##
#...#...
.................#
##..####
.........####...##
#..# # ........##
##..## #..# .......##
#...# #..# ###...##
##..## #..## #..##
##@.# #...# ..# #.l##
#...# ##Ss## #...#
#h..# #...#
#hh.#######...##
##.............##
##................
##....#............
##.........#........


You could see a water moccasin, 2 black bears, a wyvern, a scorpion and a hound.

Vanquished Creatures
  Eustachio (D:4)
  A necrophage (D:4)
  An ogre (D:4)
  A phantom (D:5)
  2 scorpions (D:5)
  A killer bee (D:5)
  A bullfrog zombie (D:5)
  A hound (D:5)
  2 gnoll shamans (D:5)
  2 iguanas
  A scorpion zombie (D:3)
  Natasha (thrice) (D:3)
  2 orc wizards
  A hound skeleton (D:4)
  Robin (D:2)
  10 gnolls
  5 adders
  A howler monkey skeleton (D:4)
  A white imp (D:5)
  An adder zombie (D:3)
  An adder skeleton (D:4)
  A worm (D:5)
  A dart slug (D:1)
  12 orcs
  7 endoplasms
  4 giant cockroaches
  19 goblins
  12 hobgoblins
  6 jackals (D:3)
  7 quokkas
  3 ball pythons
  3 ball python zombies (D:3)
  5 bats
  3 frilled lizards
  8 kobolds
  A quokka skeleton (D:3)
  A quokka zombie (D:3)
  8 rats
141 creatures vanquished.

Vanquished Creatures (collateral kills)
  A gnoll (D:4)
  A worm (D:3)
  A dart slug (D:1)
  An orc (D:4)
  An endoplasm (D:1)
  A giant cockroach zombie (D:3)
6 creatures vanquished.

Vanquished Creatures (others)
  An ancestor (D:5)
  22 plants (D:4)
  5 withered plants (D:3)
28 creatures vanquished.

Grand Total: 175 creatures vanquished

Notes
Turn   | Place    | Note
-------+----------+-------------------------------------------
     0 | D:1      | Spaninq the Mummy Necromancer began the quest for the Orb.
     0 | D:1      | Reached XP level 1. HP: 13/13 MP: 4/4
    14 | D:1      | Learned a level 1 spell: Animate Skeleton
   185 | D:1      | Reached XP level 2. HP: 19/19 MP: 1/6
   226 | D:1      | Found a faded altar of an unknown god.
   874 | D:1      | Reached XP level 3. HP: 24/24 MP: 2/7
  1551 | D:2      | Noticed Robin
  1679 | D:2      | Reached skill level 5 in Necromancy
  1701 | D:2      | Killed Robin
  1702 | D:2      | Reached XP level 4. HP: 16/30 MP: 0/9
  2346 | D:2      | Found a runed translucent door.
  2347 | D:2      | Noticed Crazy Yiuf
  2930 | D:3      | Reached XP level 5. HP: 35/35 MP: 5/11
  3049 | D:3      | Found an ornate altar of the Wu Jian Council.
  3098 | D:3      | Learned a level 3 spell: Vampiric Draining
  3440 | D:3      | Noticed Natasha
  3444 | D:3      | Killed Natasha
  3481 | D:3      | Reached skill level 6 in Necromancy
  3694 | D:3      | Noticed Natasha
  3701 | D:3      | Killed Natasha
  4004 | D:3      | Noticed Natasha
  4012 | D:3      | Killed Natasha
  4013 | D:3      | Reached XP level 6. HP: 35/41 MP: 11/13
  4372 | D:4      | Found a staircase to the Ecumenical Temple.
  4410 | D:4      | Reached skill level 5 in Spellcasting
  4666 | D:4      | Noticed Sigmund
  4970 | D:4      | Reached skill level 7 in Necromancy
  5276 | D:4      | HP: 1/41 [acid (11)]
  5278 | Temple   | Entered the Ecumenical Temple
  5724 | Temple   | Became a worshipper of Hepliaklqana the Forgotten
  6050 | D:4      | Reached XP level 7. HP: 44/46 MP: 11/15
  6158 | D:4      | Found a shimmering altar of Xom.
  6159 | D:4      | Found a shimmering altar of Xom.
  6161 | D:4      | Found a shimmering altar of Xom.
  6241 | D:4      | Noticed Eustachio
  6254 | D:5      | Entered Level 5 of the Dungeon
  6325 | D:4      | Killed Eustachio
  6326 | D:4      | Reached skill level 8 in Necromancy
  6350 | D:4      | Learned a level 4 spell: Animate Dead
  7158 | D:5      | Reached XP level 8. HP: 39/52 MP: 18/18
  7374 | D:5      | Reached * piety under Hepliaklqana
  7480 | D:5      | Learned a level 1 spell: Summon Small Mammal
  7601 | D:5      | Reached skill level 9 in Necromancy
  7614 | D:5      | Slain by a wyvern

Illustrated notes

Levels and vault maps discovered:
D:1:      dpeg_arrival_subterranean_lakeside_camping, layout_basic,
          ebering_ecumenical_altar_rust, minmay_quantized
D:2:      layout_basic, uniq_robin, uniq_crazy_yiuf_cottage
D:3:      layout_basic, mainiacjoe_overflow_surrounded_room, serial_undead,
          serial_undead_f, serial_undead_c, serial_undead_c, serial_undead_c,
          serial_undead_b, serial_undead_c, serial_undead_c,
          kennysheep_cross_bottleneck, uniq_natasha
D:4:      layout_rooms, xom_redecorated, minmay_temple_entry_oklob,
          uniq_eustachio, uniq_sigmund
D:5:      layout_layer_cave, minmay_ruined_shrine
Temple:   regret_index_temple_chain_breaker

Skill      XL: |  1  2  3  4  5  6  7  8 |
---------------+-------------------------+-----
Spellcasting   | 3 4 5 6 7 |  7.2
Necromancy     | 5 6 7 8 9 |  9.1
Dodging        | |  1.5
Stealth        | |  1.5

Action                   |  1- 3 |  4- 6 |  7- 9 || total
-------------------------+-------+-------+-------++-------
Melee: Dagger            |     8 |   182 |    81 ||   271
 Cast: Pain              |    79 |    75 |    35 ||   189
       Animate Skeleton  |    15 |    22 |     4 ||    41
       Vampiric Draining |       |     4 |    10 ||    14
       Animate Dead      |       |       |     4 ||     4
       Summon Small Mamm |       |       |     2 ||     2
Invok: Ancestor Identity |       |       |     1 ||     1
 Stab: Sleeping          |     1 |     1 |       ||     2
Armor: Robe              |     5 |    48 |    22 ||    75
Dodge: Dodged            |    14 |   109 |    95 ||   218

Table legend: (Time is in decaauts)
 A = Elapsed time spent in this place.
 B = Non-inter-level travel time spent in this place.
 C = Inter-level travel time spent in this place.
 D = Time resting spent in this place.
 E = Time spent auto-exploring this place.
 F = Levels seen in this place.
 G = Mean time per level.
                   A        B        C        D        E       F      G
               +--------+--------+--------+--------+--------+-----+--------+
         Total |   7617 |   7352 |    265 |   2220 |   3294 |   6 | 1269.5 |
       Dungeon |   6875 |   6610 |    265 |   1629 |   3168 |   5 | 1375.0 |
        Temple |    742 |    742 |      0 |    591 |    126 |   1 |  742.0 |
               +--------+--------+--------+--------+--------+-----+--------+

Top non-repeatable levels by time:
     D:3: 1849 daAuts
     D:1: 1406 daAuts
     D:2: 1319 daAuts
     D:4: 1206 daAuts
     D:5: 1093 daAuts
  Temple: 742 daAuts
